Map: Ever Dream LE

Players

TheTiny - Winner!

  • Race: Zerg Zerg
  • League: Diamond
  • Spawn Location: 7:00

Ineffable

  • Race: Protoss Protoss
  • League: Master
  • Spawn Location: 1:00

VOD

Have the link to the VOD?

Description

Time

  • Played on: April 24, 2020, 7:01 p.m.
  • Length: 5:21
Show
View Real Time Build Order
Export as new Build Order

TheTiny Zerg - Winner!

Build Orders: Hatch First 

Get SALT Encoding   

  12  0:01  Drone  
  13  0:12  Overlord  
  13  0:18  Drone  
  14  0:31  Drone x2  
  16  0:49  Hatchery  
  15  0:52  Drone  
  15  0:55  Drone  
  17  0:58  Drone  
  18  1:09  Extractor  
  17  1:14  Spawning Pool  
  17  1:17  Drone  
  17  1:20  Drone  
  18  1:28  Drone  
  19  1:40  Overlord  
  19  1:50  Drone  
  20  2:01  Queen x2  
  20  2:04  Zergling x4  
  26  2:18  Hatchery  
  26  2:21  Drone  
  26  2:26  Drone  
  26  2:27  Drone  
  28  2:33  Metabolic Boost  
  28  2:37  Drone  
  28  2:42  Drone  
  30  2:49  Roach Warren  
  29  2:55  Drone x2  
  29  2:57  Drone  
  32  2:59  Drone  
  32  3:04  Overlord  
  33  3:09  Overlord  
  33  3:30  Roach x3  
  33  3:31  Zergling x4, Roach  
  33  3:32  Zergling x2  
  33  3:33  Zergling x2  
  45  3:36  Zergling x2  
  45  3:39  Zergling x2  
  47  3:41  Zergling x2  
  47  3:44  Zergling x2  
  47  3:45  Zergling x2  
  47  3:46  Zergling x2  
  47  3:48  Zergling x2  
  52  3:52  Ravager  
  52  3:53  Ravager  
  54  3:55  Zergling x2  
  54  3:56  Zergling x4  
  54  3:58  Zergling x2  
  58  4:04  Overlord  
  58  4:06  Overlord  
  58  4:12  Overlord  
  58  4:16  Overlord  
  58  4:24  Ravager  
  58  4:25  Zergling x2  
  58  4:26  Zergling x6  
  58  4:27  Zergling x2  
  60  4:39  Zergling x10  
  60  4:44  Zergling x4  
  55  4:57  Zergling x8  
Show
View Real Time Build Order
Export as new Build Order

Ineffable Protoss 

Build Orders: 1 Gate Expand, Oracle Opening 

Get SALT Encoding   

  12  0:01  Probe  
  13  0:14  Probe  
  14  0:17  Pylon  
  14  0:26  Probe (Chrono Boost)  
  15  0:37  Gateway  
  15  0:38  Probe (Chrono Boost)  
  16  0:44  Probe (Chrono Boost)  
  16  0:46  Assimilator  
  17  0:52  Probe (Chrono Boost)  
  18  1:04  Probe (Chrono Boost)  
  19  1:13  Probe (Chrono Boost)  
  20  1:18  Probe  
  20  1:25  Cybernetics Core  
  21  1:35  Nexus  
  21  1:42  Pylon  
  21  1:46  Assimilator  
  21  2:00  Stalker  
  23  2:01  Warp Gate  
  23  2:04  Probe  
  24  2:16  Probe  
  24  2:21  Gateway  
  25  2:29  Pylon  
  25  2:34  Probe  
  26  2:41  Stargate  
  26  2:45  Sentry  
  26  2:47  Probe (Chrono Boost)  
  26  2:49  Probe (Chrono Boost)  
  31  2:59  Probe (Chrono Boost)  
  31  3:03  Probe (Chrono Boost)  
  33  3:06  Probe (Chrono Boost)  
  33  3:10  Probe (Chrono Boost)  
  34  3:16  Probe (Chrono Boost)  
  34  3:19  Probe (Chrono Boost)  
  36  3:24  Probe (Chrono Boost)  
  36  3:26  Oracle (Chrono Boost)  
  41  3:28  Probe (Chrono Boost)  
  41  3:29  Probe (Chrono Boost)  
  42  3:37  Probe  
  42  3:38  Twilight Council  
  42  3:40  Probe  
  44  3:43  Gateway  
  44  3:48  Assimilator  
  44  3:49  Probe  
  44  3:50  Assimilator  
  44  3:52  Probe  
  44  3:54  Pylon  
  46  4:00  Oracle (Chrono Boost)  
  46  4:01  Probe  
  50  4:04  Probe  
  51  4:13  Probe  
  51  4:16  Probe  
  53  4:25  Probe  
  53  4:28  Nexus, Probe  
  53  4:29  Pylon  
  55  4:31  Sentry  
  55  4:44  Stalker x2  
  57  4:56  Pylon  
Tags
 
Add a new tag
Caveats
  • Supply blocks, unpowered buildings, or Contaminate may cause inaccurate times.
  • Supply counts are checked every 10 seconds.